 Dungeon Crawl Stone Soup version 0.31-a0-1059-g83d41fd (webtiles) character file.

Game seed: 13494678358039545453

56032 lunatic the Markself (level 14, 0/71 (80) HPs)
             Began as a Deep Elf Hexslinger on Nov 20, 2023.
             Was the Champion of Dithmenos.
             Slain by a +2 demon trident of draining (15 damage)
             ... on level 13 of the Dungeon.
             The game lasted 01:10:46 (19094 turns).

lunatic the Markself (Deep Elf Hexslinger)         Turns: 19094, Time: 01:10:46

HP:   0/71 (80)     AC: 10    Str:  5    XL:     14   Next: 40%
MP:   28/28         EV: 19    Int: 22    God:    Dithmenos [******]
Gold: 1323          SH:  7    Dex: 33    Spells: 0/29 levels left

rFire   + . .        a - +1 hand cannon (freeze)
rCold   + . .        S - +0 buckler
rNeg    . . .        C - +2 leather armour {rPois}
rPois   +            R - +0 helmet
rElec   .            L - scarf {rC+ rF+}
rCorr   .            F - +0 pair of gloves {hurl}
SInv    .            j - +1 pair of boots of Usisch {*Corrode rPois Dex+2}
Will    +....        P - amulet of magic regeneration
Stlth   +++++++++    T - +6 ring of dexterity
HPRegen 0.31/turn    q - +6 ring of dexterity
MPRegen 0.61/turn

%: corrode self (3%)
@: wreathed by umbra, heavily drained
A: no striking features
a: Renounce Religion, Shadow Step, Shadow Form


You were on level 13 of the Dungeon.
You worshipped Dithmenos.
Dithmenos was exalted by your worship.
You visited 2 branches of the dungeon, and saw 18 of its levels.
You also visited: Bailey, Gauntlet and Volcano.

You collected 1323 gold pieces.

Inventory:

Hand Weapons
 a - a +1 hand cannon of freezing (weapon)
 b - a +4 shortbow of draining
Missiles
 z - 2 throwing nets
Armour
 j - the +1 pair of boots of Usisch (worn) {*Corrode rPois Dex+2}
   (You found it on level 2 of the Dungeon)

   Dex+2:     It affects your dexterity (+2).
   rPois:     It protects you from poison *Corrode: It may corrode you when you
   take damage.
 C - a +2 leather armour of poison resistance (worn)
 F - a +0 pair of gloves of hurling (worn)
 L - a scarf of resistance (worn)
 R - a +0 helmet (worn)
 S - a +0 buckler (worn)
Jewellery
 h - a ring of resist corrosion
 m - a ring of positive energy
 q - a +6 ring of dexterity (right hand)
 E - the amulet of Fallacy {Harm Drain rElec Regen+}
   (You found it in a bailey)

   [amulet of regeneration]

   rElec:     It insulates you from electricity.
   Regen+:    It increases your rate of health regeneration.
   Drain:     It drains your maximum health when unequipped.
   Harm:      It increases damage dealt and taken.
 N - a ring of flight
 P - an amulet of magic regeneration (around neck)
 T - a +6 ring of dexterity (left hand)
Wands
 c - a wand of iceblast (6)
 r - a wand of mindburst (25)
 v - a wand of charming (5)
 w - a wand of flame (24)
 M - a wand of quicksilver (7)
 V - a wand of digging (6)
 X - a wand of polymorph (4)
Scrolls
 f - a scroll of revelation
 g - a scroll of amnesia
 k - 2 scrolls of vulnerability
 l - 13 scrolls of teleportation
 s - 3 scrolls of immolation
 u - 2 scrolls of brand weapon {unknown}
 x - 4 scrolls of fog
 y - 3 scrolls of blinking
 D - 2 scrolls of enchant weapon
 I - 3 scrolls of enchant armour
 O - 2 scrolls of torment
 Q - 3 scrolls of poison
Potions
 d - 3 potions of ambrosia
 e - 6 potions of curing
 i - 3 potions of enlightenment
 n - 5 potions of heal wounds
 o - a potion of degeneration {unknown}
 p - 3 potions of mutation
 A - 3 potions of invisibility {unknown}
 B - 3 potions of berserk rage {unknown}
 G - 4 potions of cancellation {unknown}
 H - 2 potions of brilliance {unknown}
 J - 2 potions of lignification {unknown}
 K - 2 potions of magic {unknown}
 U - 2 potions of might {unknown}
 W - a potion of experience {unknown}
 Y - 3 potions of haste {unknown}
Miscellaneous
 t - a phial of floods


   Skills:
 + Level 6.1 Fighting
 - Level 18.3 Ranged Weapons
 - Level 5.4 Armour
 - Level 8.4 Dodging
 - Level 8.8 Stealth
 + Level 2.6 Shields
 - Level 8.1 Spellcasting
 - Level 12.0 Hexes
 - Level 5.0 Summonings
 - Level 6.0 Translocations
 + Level 1.8 Transmutations
 - Level 3.0 Fire Magic
 - Level 5.0 Ice Magic
 + Level 6.2 Invocations
 - Level 6.4 Evocations


You couldn't memorise any spells.
You knew the following spells:

 Your Spells              Type           Power      Damage    Failure   Level
a - Jinxbite              Hex            100%       N/A       1%          2
b - Sigil of Binding      Hex            58%        N/A       1%          3
c - Inner Flame           Hex/Fire       41%        N/A       2%          3
d - Cause Fear            Hex            29%        N/A       1%          4
e - Summon Guardian Gole  Hex/Summ       46%        N/A       1%          3
f - Dimensional Bullseye  Hex/Tloc       24%        N/A       4%          4
g - Metabolic Englaciati  Hex/Ice        23%        N/A       17%         5
h - Yara's Violent Unrav  Hex/Tmut       19%        3d9       32%         5

Your spell library contained the following spells:

 Spells                   Type           Power      Damage    Failure   Level
 Tukima's Dance           Hex            58%        N/A       1%          3
 Summon Small Mammal      Summ           100%       N/A       2%          1
 Call Canine Familiar     Summ           30%        N/A       8%          3
 Frozen Ramparts          Ice            60%        1d10      8%          3
 Ozocubu's Armour         Ice            30%        N/A       8%          3
 Volatile Blastmotes      Fire/Tloc      56%        2d14      10%         3
 Anguish                  Hex/Necr       17%        N/A       17%         4
 Fulminant Prism          Conj/Hex       17%        3d10      17%         4
 Passage of Golubria      Tloc           35%        N/A       17%         4
 Poisonous Vapours        Pois/Air       16%        N/A       30%         2
 Ignite Poison            Fire/Tmut/Pois 16%        N/A       32%         3
 Mephitic Cloud           Conj/Pois/Air  8%         N/A       52%         3
 Iskenderun's Mystic Bla  Conj/Tloc      22%        2d6       52%         4
 Sticky Flame             Conj/Fire      15%        2d4       73%         4
 Enfeeble                 Hex            29%        N/A       77%         7
 Petrify                  Tmut/Erth      13%        N/A       80%         4
 Freezing Cloud           Conj/Ice/Air   8%         6-21      96%         5
 Alistair's Intoxication  Tmut/Pois      8%         N/A       98%         5
 Borgnjor's Vile Clutch   Necr/Erth      4%         N/A       99%         5
 Eringya's Noxious Bog    Tmut/Pois      6%         4d6       100%        6
 Simulacrum               Ice/Necr       9%         N/A       100%        6
 Ozocubu's Refrigeration  Ice            15%        4d10      100%        7
 Ignition                 Fire           11%        3d5       100%        8


Dungeon Overview and Level Annotations

Branches:
Dungeon (13/15)            Temple (0/1) D:6            Lair (5/5) D:11
 Shoals (0/4) Lair:3        Snake (0/4) Lair:3        Slime (0/5) Lair:5
    Orc (0/2) D:10         Bailey (visited)         Volcano (visited)
Gauntlet (visited)
 Vaults: D:13-14

Altars:
Ashenzari
Cheibriados
Dithmenos
Fedhas
Gozag
Hepliaklqana
Nemelex Xobeh
Qazlal
Ru
Trog
Vehumet
Yredelemnul
The Shining One
Lugonu

Annotations:
D:4 exclusion: statue


Message History

There is a stone staircase leading up here.
You see here a +0 robe.
Key pressed, stopping explore.
Found an escape hatch in the floor.
Found a chain mail.
Found a corrupted altar of Lugonu.
Found a runed translucent door.
You open the door.
Casting: Dimensional Bullseye (dangerous; 4% risk of failure)
Confirm with . or Enter, or press ? or * to list all spells.
There is nobody nearby that the sprites are interested in.
Casting: Jinxbite (safe; 1% risk of failure)
Confirm with . or Enter, or press ? or * to list all spells.
There is nobody nearby that the sprites are interested in.
You shoot a bolt.
The bolt hits the +1 demon whip of pain!!
The +1 demon whip of pain falls from the air.
Dithmenos accepts your kill.
Your shadow shoots a bolt.
Training target 12.0 for Hexes reached!
Your Hexes skill increases to level 12!
You shoot a bolt.
The bolt misses the +2 demon trident of draining.
The +2 demon trident of draining barely misses you.
The +2 demon trident of draining hits you from afar!!
You feel drained.
You shoot a bolt.
The bolt closely misses the +2 demon trident of draining.
The +2 demon trident of draining hits you but does no damage.
You feel drained.
The +2 demon trident of draining hits you from afar.
You feel drained.
You shoot a bolt.
The bolt hits the +2 demon trident of draining.
The +2 demon trident of draining is moderately damaged.
The +2 demon trident of draining hits you from afar!!
* * * LOW HITPOINT WARNING * * *
You emit a cloud of dark smoke.
You feel drained.
* * * LOW HITPOINT WARNING * * *
The +2 demon trident of draining hits you from afar!
You die...

#####
#........#..#
##..#.#.......
#...>...#.#..
#[........#
#.#.####.#....#
#.#.###.## ..##
#.#....## .#
#####§## #
###@§# #.§§#§#
##(####..
#..... ###
#.......
#.......#
#..._...#
#.......#
#....(..#


You could see a +2 demon trident of draining.

Vanquished Creatures
  A fire dragon (Volcano)
  4 hydras
  A merfolk avatar (Lair:5)
  A centaur warrior (D:9)
  5 two-headed ogres
  A dancing weapon (D:13)
  Urug (Lair:5)
  Nergalle (Lair:1)
  3 skysharks (Lair:5)
  The ghost of sol123 the Cleaver, a novice HOFi (D:8)
  An orange crystal statue (Lair:1)
  2 obsidian statues (Gauntlet)
  A cyclops (D:12)
  A manticore (D:12)
  An ugly thing (D:12)
  3 salamanders (Volcano)
  A rust devil (Gauntlet)
  10 elephants (Lair:4)
  A black mamba (Lair:1)
  Joseph (D:7)
  A merfolk siren (Lair:3)
  3 gargoyles
  7 rime drakes
  3 kobold demonologists (D:11)
  12 cane toads
  15 komodo dragons
  A hornet (Lair:5)
  2 wind drakes (Lair:5)
  A troll (D:10)
  3 polar bears
  31 blink frogs
  5 dream sheep (Lair:3)
  3 water elementals (D:12)
  2 vampires
  A ynoxinul (Gauntlet)
  2 shadows
  26 yaks
  8 fire bats (Volcano)
  6 wyverns
  2 wraiths
  6 steam dragons
  3 basilisks
  10 vampire mosquitoes
  12 water moccasins
  2 sky beasts (D:7)
  A black bear (Lair:1)
  2 orc warriors (D:7)
  2 ice beasts
  18 wolves
  4 ogres
  3 centaurs
  A phantom (D:5)
  3 kobold brigands
  7 bullfrogs
  A water moccasin zombie (D:7)
  A gnoll sergeant (D:13)
  A wyvern zombie (D:7)
  2 scorpions (D:6)
  16 wights
  7 killer bees
  8 vampire bats (Bailey)
  8 wolf zombies (Bailey)
  5 electric eels
  4 lava snakes (Lair:1)
  7 howler monkeys
  2 iron imps (Gauntlet)
  6 jellies
  An orc priest (D:12)
  2 gnoll boudas
  4 hounds
  2 sleepcaps
  Ijyb (D:5)
  4 iguanas (D:5)
  6 orc wizards
  A howler monkey zombie (D:7)
  14 gnolls
  13 adders
  2 shadow imps
  A white imp (D:7)
  2 ufetubi (D:6)
  26 orcs
  12 endoplasms
  7 hobgoblins
  11 jackals (D:3)
  5 quokkas
  3 ball pythons
  8 goblins
  26 kobolds
  19 orc zombies (Bailey)
  3 rats
490 creatures vanquished.

Vanquished Creatures (others)
  An ogre (Volcano)
1 creature vanquished.

Grand Total: 491 creatures vanquished

Notes
Turn   | Place    | Note
-------+----------+-------------------------------------------
     0 | D:1      | lunatic the Deep Elf Hexslinger began the quest for the
                  | Orb.
     0 | D:1      | Reached XP level 1. HP: 11/11 MP: 5/5
   273 | D:1      | Reached skill level 3 in Ranged Weapons
   310 | D:1      | Reached XP level 2. HP: 16/16 MP: 6/6
   313 | D:1      | Learned a level 2 spell: Jinxbite
   491 | D:2      | Identified the +1 pair of boots of Usisch {*Corrode rPois
                  | Dex+2}
   605 | D:2      | Reached skill level 4 in Ranged Weapons
   605 | D:2      | Reached XP level 3. HP: 20/20 MP: 4/7
  1287 | D:2      | Reached XP level 4. HP: 24/24 MP: 6/9
  1315 | D:2      | Learned a level 3 spell: Sigil of Binding
  1680 | D:3      | Reached skill level 5 in Ranged Weapons
  1848 | D:3      | Reached skill level 5 in Hexes
  1878 | D:3      | Noticed a water moccasin
  1888 | D:3      | Killed a water moccasin
  1889 | D:3      | Reached skill level 6 in Ranged Weapons
  1889 | D:3      | Reached XP level 5. HP: 28/28 MP: 6/12
  2133 | D:3      | Found a broken altar of Ashenzari.
  2385 | D:4      | Reached XP level 6. HP: 33/33 MP: 10/14
  2424 | D:4      | Learned a level 3 spell: Inner Flame
  2698 | D:4      | Found a basalt altar of Yredelemnul.
  2698 | D:4      | Found a hazy altar of Hepliaklqana.
  2698 | D:4      | Found a bloodstained altar of Trog.
  2698 | D:4      | Found a glowing golden altar of the Shining One.
  2698 | D:4      | Found a glowing golden altar of the Shining One.
  2698 | D:4      | Found a shadowy altar of Dithmenos.
  2870 | D:4      | Became a worshipper of Dithmenos the Shadowed
  2925 | D:4      | Found a radiant altar of Vehumet.
  3079 | D:4      | Reached skill level 7 in Ranged Weapons
  3275 | D:4      | Reached skill level 1 in Stealth
  3456 | D:5      | Entered Level 5 of the Dungeon
  3503 | D:5      | Reached XP level 7. HP: 37/37 MP: 12/15
  3572 | D:5      | Found a blossoming altar of Fedhas.
  3583 | D:5      | Reached skill level 8 in Ranged Weapons
  3624 | D:5      | Reached skill level 9 in Ranged Weapons
  3661 | D:5      | Found a hazy altar of Hepliaklqana.
  3664 | D:5      | Found a sparkling altar of Nemelex Xobeh.
  3696 | D:5      | Noticed Ijyb
  3705 | D:5      | Killed Ijyb
  4073 | D:5      | Identified a scroll of acquirement
  4074 | D:5      | Acquired a +4 shortbow of draining
  4386 | D:6      | Reached XP level 8. HP: 42/42 MP: 13/16
  4730 | D:6      | Found a snail-covered altar of Cheibriados.
  4777 | D:6      | Reached * piety under Dithmenos
  4859 | D:6      | Learned a level 4 spell: Cause Fear
  4890 | D:6      | Learned a level 3 spell: Summon Guardian Golem
  4945 | D:6      | Found a staircase to the Ecumenical Temple.
  4966 | D:6      | Reached skill level 10 in Ranged Weapons
  4966 | D:6      | Reached skill level 1 in Summonings
  5363 | D:7      | Reached skill level 11 in Ranged Weapons
  5389 | D:7      | Reached XP level 9. HP: 45/46 MP: 10/17
  5405 | D:7      | Reached skill level 12 in Ranged Weapons
  5535 | D:7      | Found an opulent altar of Gozag.
  5628 | D:7      | Noticed Joseph
  5636 | D:7      | Killed Joseph
  5636 | D:7      | Reached ** piety under Dithmenos
  5637 | D:7      | Reached skill level 13 in Ranged Weapons
  5937 | D:7      | Reached skill level 14 in Ranged Weapons
  6101 | D:7      | Reached skill level 1 in Fighting
  6363 | D:7      | Found a basalt altar of Yredelemnul.
  6569 | D:8      | Reached skill level 1 in Armour
  6569 | D:8      | Reached skill level 1 in Evocations
  6577 | D:8      | Reached XP level 10. HP: 44/53 MP: 1/19
  6637 | D:8      | Found a flagged portal.
  6719 | Bailey   | Entered a bailey
  6789 | Bailey   | Reached skill level 5 in Spellcasting
  6798 | Bailey   | Learned a level 4 spell: Dimensional Bullseye
  6944 | Bailey   | Reached *** piety under Dithmenos
  7015 | Bailey   | Identified the +2 ring mail of Precision Catastrophes
                  | {Dex+3}
  7019 | Bailey   | Identified the amulet of Fallacy {Harm Drain rElec Regen+}
  7053 | Bailey   | Noticed a gargoyle
  7062 | Bailey   | Killed a gargoyle
  7063 | Bailey   | Reached skill level 1 in Translocations
  7540 | D:8      | Found a sacrificial altar of Ru.
  7645 | D:8      | Noticed a two-headed ogre
  7650 | D:8      | Killed a two-headed ogre
  7877 | D:8      | Found a runed translucent door.
  7878 | D:8      | Noticed sol123's ghost (novice HOFi)
  7903 | D:8      | Killed sol123's ghost
  8190 | D:9      | Noticed a two-headed ogre
  8196 | D:9      | Killed a two-headed ogre
  8299 | D:9      | Found a stormy altar of Qazlal.
  8307 | D:9      | Reached XP level 11. HP: 60/60 MP: 19/22
  8315 | D:9      | Reached skill level 5 in Dodging
  8315 | D:9      | Reached skill level 5 in Stealth
  8320 | D:9      | Noticed a centaur warrior
  8327 | D:9      | Killed a centaur warrior
  8838 | D:10     | Entered Level 10 of the Dungeon
  9156 | D:10     | Reached **** piety under Dithmenos
  9217 | D:10     | Found a staircase to the Orcish Mines.
 10034 | D:11     | Found a staircase to the Lair.
 10118 | D:11     | Reached skill level 15 in Ranged Weapons
 10294 | D:11     | Reached skill level 10 in Hexes
 10391 | D:11     | Learned a level 5 spell: Metabolic Englaciation
 10446 | D:11     | Reached skill level 5 in Evocations
 10477 | D:11     | Reached skill level 1 in Ice Magic
 10847 | Lair:1   | Entered Level 1 of the Lair of Beasts
 10862 | Lair:1   | Noticed an orange crystal statue
 10964 | Lair:1   | Reached XP level 12. HP: 49/66 MP: 20/24
 11139 | Lair:1   | Noticed Nergalle
 11146 | Lair:1   | Reached ***** piety under Dithmenos
 11146 | Lair:1   | Killed Nergalle
 11741 | Lair:1   | Reached skill level 5 in Translocations
 12755 | Lair:2   | Noticed a four-headed hydra
 12763 | Lair:2   | Killed a four-headed hydra
 12921 | Lair:3   | Found a dark tunnel.
 12986 | Lair:3   | Noticed a six-headed hydra
 12992 | Lair:3   | Killed a six-headed hydra
 13011 | Volcano  | Entered a volcano
 13018 | Volcano  | Reached skill level 5 in Fighting
 13108 | Volcano  | Noticed a two-headed ogre
 13134 | Volcano  | Killed a two-headed ogre
 13135 | Volcano  | Reached skill level 16 in Ranged Weapons
 13275 | Volcano  | Reached XP level 13. HP: 47/72 MP: 25/25
 13403 | Volcano  | Reached skill level 1 in Invocations
 13449 | Volcano  | Noticed a fire dragon
 13487 | Volcano  | Killed a fire dragon
 13488 | Volcano  | Reached skill level 17 in Ranged Weapons
 14534 | Lair:3   | Reached skill level 18 in Ranged Weapons
 14728 | Lair:3   | Found a staircase to the Shoals.
 14963 | Lair:4   | Found a gate leading to a gauntlet.
 15033 | Gauntlet | Entered a Gauntlet
 15033 | Gauntlet | Found a transporter.
 15033 | Gauntlet | Found a transporter.
 15033 | Gauntlet | Found a runed translucent gate.
 15038 | Gauntlet | Found a runed translucent gate.
 15039 | Gauntlet | Found a runed translucent gate.
 15059 | Gauntlet | Found a transporter.
 15076 | Gauntlet | Found a transporter.
 15076 | Gauntlet | Found a transporter.
 15077 | Gauntlet | Found a transporter.
 15080 | Gauntlet | Found a transporter.
 15080 | Gauntlet | Found a transporter.
 15122 | Gauntlet | Found a transporter.
 15135 | Gauntlet | Found a transporter.
 15157 | Gauntlet | Found a transporter.
 15333 | Gauntlet | Found a runed translucent door.
 15348 | Gauntlet | Reached skill level 5 in Armour
 15480 | Gauntlet | Found a runed translucent door.
 15537 | Gauntlet | Found a transporter.
 15537 | Gauntlet | Found a transporter.
 15551 | Gauntlet | Reached skill level 5 in Invocations
 15668 | Gauntlet | Noticed a minotaur
 15750 | Gauntlet | Identified the +0 leather armour of Kikubaaqudgha's Fury
                  | {Dex+2}
 15851 | Lair:4   | Reached skill level 1 in Shields
 16572 | Lair:4   | Reached ****** piety under Dithmenos
 16674 | Lair:5   | Entered Level 5 of the Lair of Beasts
 16674 | Lair:5   | Found a staircase to the Slime Pits.
 16838 | Lair:5   | Reached XP level 14. HP: 78/78 MP: 27/27
 16855 | Lair:5   | Noticed Urug
 16873 | Lair:5   | Killed Urug
 17005 | Lair:5   | Reached skill level 5 in Summonings
 17015 | Lair:5   | Reached skill level 5 in Ice Magic
 17525 | Lair:5   | Learned a level 5 spell: Yara's Violent Unravelling
 18222 | D:12     | Reached skill level 1 in Transmutations
 19086 | D:13     | Found a runed translucent door.
 19086 | D:13     | Found a corrupted altar of Lugonu.
 19094 | D:13     | Slain by a +2 demon trident of draining

Illustrated notes

Levels and vault maps discovered:
D:1:      onia_arrival_pentagram, layout_rooms, nrook_campfire
D:2:      layout_loops_corners
D:3:      layout_rooms, marbit_many_paths, hex_large
D:4:      cheibrodos_fertilizer, layout_basic, vehumet_statue
D:5:      layout_loops_ring, fedhas_bush_and_centaur_altar,
          chequers_temple_overflow_statue_of_worship, uniq_ijyb
D:6:      layout_gridville, cheibriados_altar_1, minmay_temple_entry_grid
D:7:      layout_basic, grunt_gozag_statues, mainiacjoe_overflow_cross_hatched,
          serial_undead, serial_undead_d, serial_undead_e, serial_undead_a,
          serial_undead_c, chequers_serial_rivers_large_a,
          minmay_fractal_squares_5, uniq_joseph
D:8:      layout_loops_cross, lemuel_doored_altar,
          ebering_ghost_reflecting_pool, enter_bailey_5, chequers_avenue
D:9:      layout_rooms, overflow_temple_1_default, serial_glass,
          glass_columns_b, glass_columns_a, glass_columns_b, glass_columns_c,
          glass_columns_b, wad_dig_loot
D:10:     layout_stronghold, orc_0_dummy
D:11:     layout_irregular_city, david_lair_shrubbed
D:12:     layout_basic, serial_bayou, serial_bayou_ford_a,
          serial_bayou_lagoon_a, serial_bayou_pond_c, serial_bayou_shore_b,
          drop_trap
D:13:     kennysheep_green_arena, layout_loops_ring, nicolae_danse_macabre
Lair:1:   layout_long_grid, chequers_serial_rivers_marsh,
          chequers_serial_rivers_large_b, serial_bayou_pond_d, minivault_26,
          st_stairs_8, disabler_island, lemuel_fruit_tree, uniq_nergalle
Lair:2:   layout_cave_pods
Lair:3:   layout_cave_shapes, minmay_shoals_entry_lonely_mermaid,
          nicolae_snake_entry_squirm, serial_bayou, serial_bayou_lagoon_b,
          serial_bayou_pond_d, serial_bayou_pond_e, serial_bayou_pond_d,
          nicolae_volcano_entry_lava_flow
Lair:4:   beast_lair_carwin_large_3, layout_regular_city,
          gauntlet_entry_generic, serial_bayou_shore_a, grunt_megastairs_4
Lair:5:   gammafunk_lair_ancient_temple, layout_cellular_growth, slime_entry_1,
          uniq_urug

Skill      XL: |  1  2  3  4  5  6  7  8  9 10 11 12 13 14 |
---------------+-------------------------------------------+-----
Ranged Weapons | 3 4 6 7 9 11 14 15 16 18 | 18.3
Spellcasting   | 2 3 4 6 7 8 |  8.1
Hexes          | 5 6 7 8 9 10 11 12 | 12.0
Stealth        | 1 3 4 6 7 8 |  8.8
Fire Magic     | 2 3 |  3.0
Summonings     | 4 5 |  5.0
Fighting       | 1 3 4 5 6 |  6.1
Armour         | 1 2 4 5 |  5.4
Dodging        | 3 4 6 7 8 |  8.4
Evocations     | 1 3 5 6 |  6.4
Translocations | 2 4 5 6 |  6.0
Ice Magic      | 1 3 4 5 |  5.0
Invocations    | 5 6 |  6.2
Shields        | 1 2 |  2.6
Transmutations | 1 |  1.8

Action                     |  1- 3 |  4- 6 |  7- 9 | 10-12 | 13-15 || total
---------------------------+-------+-------+-------+-------+-------++-------
   Fire: Sling             |    67 |   123 |    62 |       |       ||   252
         Shortbow          |       |       |   164 |   626 |   146 ||   936
         Hand cannon       |       |       |       |       |   311 ||   311
  Throw: Throwing net      |       |       |       |       |     3 ||     3
   Cast: Jinxbite          |    12 |    33 |    41 |    64 |    41 ||   191
         Inner Flame       |       |     1 |    19 |    26 |    11 ||    57
         Sigil of Binding  |       |       |       |     3 |     3 ||     6
         Summon Guardian G |       |       |       |     1 |     6 ||     7
         Dimensional Bulls |       |       |       |     3 |     5 ||     8
         Cause Fear        |       |       |       |     2 |    19 ||    21
  Evoke: Wand              |       |       |       |     1 |       ||     1
    Use: Scroll            |     2 |     3 |     7 |     6 |     5 ||    23
         Potion            |       |     1 |     1 |       |     4 ||     6
 Armour: Robe              |    13 |    30 |    21 |       |       ||    64
         Leather armour    |       |       |    14 |    81 |   127 ||   222
  Dodge: Dodged            |    16 |    59 |    34 |   163 |   177 ||   449
  Block: Buckler           |       |       |       |       |    45 ||    45

Table legend: (Time is in decaauts)
 A = Elapsed time spent in this place.
 B = Non-inter-level travel time spent in this place.
 C = Inter-level travel time spent in this place.
 D = Time resting spent in this place.
 E = Time spent auto-exploring this place.
 F = Levels seen in this place.
 G = Mean time per level.
                   A        B        C        D        E       F      G
               +--------+--------+--------+--------+--------+-----+--------+
         Total |  19073 |  18209 |    864 |    883 |  13386 |  21 |  908.2 |
       Dungeon |  11225 |  10654 |    571 |    431 |   8566 |  13 |  863.5 |
          Lair |   5595 |   5302 |    293 |     12 |   4221 |   5 | 1119.0 |
        Bailey |    553 |    553 |      0 |      0 |    296 |   1 |  553.0 |
       Volcano |    975 |    975 |      0 |    186 |    303 |   1 |  975.0 |
      Gauntlet |    724 |    724 |      0 |    254 |      0 |   1 |  724.0 |
               +--------+--------+--------+--------+--------+-----+--------+

Top non-repeatable levels by time:
  Lair:5: 1386 daAuts
     D:7: 1232 daAuts
  Lair:1: 1201 daAuts
     D:2: 1188 daAuts
     D:4: 1121 daAuts
  Lair:4: 1092 daAuts
    D:11: 1077 daAuts
     D:8: 1056 daAuts
    D:10: 1015 daAuts
  Lair:2: 1005 daAuts
 Volcano: 975 daAuts
     D:5: 918 daAuts
  Lair:3: 910 daAuts
     D:6: 895 daAuts
    D:12: 768 daAuts
